 Dungeon Crawl Stone Soup version 0.30-a0-12-gd8047c6341 (webtiles) character file.

Game seed: 12286196064960459816

55 porpoise the Poker (level 3, 0/29 HPs)
             Began as a Merfolk Gladiator on Aug 24, 2022.
             Succumbed to a scorpion's poison
             ... on level 2 of the Dungeon.
             The game lasted 00:04:44 (1836 turns).

porpoise the Poker (Merfolk Gladiator)              Turns: 1836, Time: 00:04:44

Health: 0/29       AC:  4    Str: 16    XL:     3   Next: 93%
Magic:  3/3        EV: 13    Int:  7    God:
Gold:   84         SH:  0    Dex: 15    Spells: 2/2 levels left

rFire   . . .      SeeInvis .    a - +0 trident
rCold   . . .      Faith    .    (no shield)
rNeg    . . .      Spirit   .    b - +0 leather armour
rPois   .          Reflect  .    c - +0 helmet
rElec   .          Harm     .    (no cloak)
rCorr   .          Rampage  .    (no gloves)
Will    .....                    (no boots)
Stlth   +.........               (no amulet)
HPRegen 0.09/turn                (no ring)
MPRegen 0.08/turn                (no ring)

@: lethally poisoned (0 -> -24)
A: (nimble swimmer 2), mertail
a: no special abilities


You were on level 2 of the Dungeon.
You visited 1 branch of the dungeon, and saw 2 of its levels.

You collected 84 gold pieces.

Inventory:

Hand Weapons
 a - a +0 trident (weapon)
Missiles
 e - a javelin (quivered)
 k - 7 poisoned darts
Armour
 b - a +0 leather armour (worn)
 c - a +0 helmet (worn)
Jewellery
 p - an amulet of magic regeneration
Scrolls
 f - a scroll of fog {unknown}
 h - a scroll of poison {unknown}
 j - a scroll of teleportation {unknown}
 m - 2 scrolls of identify {unknown}
 n - a scroll of enchant weapon {unknown}
 o - a scroll of blinking {unknown}
Potions
 g - a potion of cancellation
 i - a potion of brilliance {unknown}
 l - a potion of attraction {unknown}
 q - a potion of might {unknown}
 r - a potion of heal wounds {unknown}


   Skills:
 + Level 3.5 Fighting
 + Level 5.2 Polearms
 - Level 2.0 Throwing
 - Level 4.0 Dodging


You had 2 spell levels left.
You didn't know any spells.
Your spell library contained the following spells:

 Spells                   Type           Power      Damage    Failure   Level
 Inner Flame              Hex/Fire       0%         N/A       86%         3
 Cause Fear               Hex            0%         N/A       99%         4
 Discord                  Hex            0%         N/A       100%        8


Dungeon Overview and Level Annotations

Branches:
Dungeon (2/15)

Altars:


Innate Abilities, Weirdness & Mutations

((You are very nimble when in or above water. (Stealth+, EV+, Speed+++)))
Your lower body shifts to a powerful aquatic tail in water.


Message History

You strike the helpless scorpion from behind!
You hit the scorpion.
The scorpion is moderately wounded.
The scorpion struggles against the net. x2
The net rips apart, and the scorpion comes free!
You reach to attack!
You hit the scorpion.
The scorpion is heavily wounded.
You barely miss the scorpion.
The scorpion is heavily wounded.
The scorpion stings you.
You are poisoned.
The scorpion poisons you!
Throw: 2 throwing nets
Press: ? - help, Q - select action, (/) - cycle Shift-Dir - straight line, f/p - scorpion
Aim: a scorpion (heavily wounded, 60% to hit)
You throw a throwing net.
The throwing net barely misses the scorpion.
The throwing net hits the plant.
The net is caught on the plant!
You hear a splash.
You feel sick. The scorpion stings you!
You are lethally poisoned!
The scorpion poisons you!
You hit the scorpion.
The scorpion is severely wounded.
You feel very sick.
The scorpion stings you but does no damage.
The scorpion stings you.
You are more poisoned.
The scorpion poisons you!
Throw: throwing net
Press: ? - help, Q - select action, (/) - cycle Shift-Dir - straight line, f/p - scorpion
Aim: a scorpion (severely wounded, 60% to hit)
You throw a throwing net. The throwing net hits the scorpion.
The scorpion is caught in the net!
The scorpion is severely wounded.
* * * LOW HITPOINT WARNING * * *
You feel very sick.
The scorpion struggles against the net.
It was a potion of cancellation.
You feel magically purged.
You die... ###.###.#.........♣ .##...#.##########♣ .##.....# ≈ .##.#.### ~≈ .##.#.# P~P

.##.#.# ~~~~ .##.#.#
~~~~~
.##.#.#############~~~~~~
................@s$PP~~~.
.##.#.#############~~~...
.##.#†# ..... .##.#.####
.... .##.#...~♣##### .##
.##.#..~~~♣.... #
.##.#.~~~~.....
.##.#.#.~......
#.#........


You could see a scorpion (caught).

Vanquished Creatures
  An adder (D:2)
  A dart slug (D:1)
  7 bats
  2 endoplasms
  A giant cockroach (D:1)
  3 goblins (D:1)
  6 hobgoblins
  2 jackals (D:1)
  2 quokkas (D:1)
  4 ball pythons
  A frilled lizard (D:2)
  5 kobolds
  3 rats
38 creatures vanquished.

Vanquished Creatures (others)
  12 plants (D:2)
12 creatures vanquished.

Grand Total: 50 creatures vanquished

Notes
Turn   | Place    | Note
-------+----------+-------------------------------------------
     0 | D:1      | porpoise the Merfolk Gladiator began the quest for the Orb.
     0 | D:1      | Reached XP level 1. HP: 16/16 MP: 1/1
   181 | D:1      | Reached XP level 2. HP: 23/23 MP: 2/2
   707 | D:1      | Reached XP level 3. HP: 29/29 MP: 3/3
  1276 | D:2      | Noticed a scorpion
  1288 | D:2      | Reached skill level 5 in Polearms
  1836 | D:2      | Succumbed to a scorpion's poison

Illustrated notes

Levels and vault maps discovered:
D:1:      dpeg_arrival_simpleton_c, layout_basic, kennysheep_flooded_box,
          lemuel_another_geyser
D:2:      layout_basic, serial_bayou, serial_bayou_shore_a,
          serial_bayou_lagoon_b, serial_bayou_pond_d, serial_bayou_pond_c,
          serial_bayou_pond_e

Skill      XL: |  1  2  3 |
---------------+----------+-----
Fighting       | 3 |  3.5
Polearms       | 5 |  5.2
Throwing       | |  2.0
Dodging        | |  4.0

Action                   || total
-------------------------++-------
Melee: Trident           ||   114
Throw: Throwing net      ||     3
  Use: Potion            ||     1
 Stab: Sleeping          ||     3
       Distracted        ||     1
       Held in net/web   ||     2
Armor: Leather armour    ||    23
Dodge: Dodged            ||    33

Table legend: (Time is in decaauts)
 A = Elapsed time spent in this place.
 B = Non-inter-level travel time spent in this place.
 C = Inter-level travel time spent in this place.
 D = Time resting spent in this place.
 E = Time spent auto-exploring this place.
 F = Levels seen in this place.
 G = Mean time per level.
                   A        B        C        D        E       F      G
               +--------+--------+--------+--------+--------+-----+--------+
         Total |   1831 |   1820 |     11 |    515 |    883 |   2 |  915.5 |
       Dungeon |   1831 |   1820 |     11 |    515 |    883 |   2 |  915.5 |
               +--------+--------+--------+--------+--------+-----+--------+

Top non-repeatable levels by time:
     D:1: 1217 daAuts
     D:2: 614 daAuts
